AoeStats
← RFR_im_no_pro

Oasis

510274670Analyzed
2v2 RM · 20h ago on Sep 30, 2026· 42m 28s· 4 players
Game mode
Random Map
Map size
Medium (4 player)
Population
200
Speed
Normal
Resources
Standard
Victory
Conquest
Starting age
Dark Age
Ending age
Imperial Age
RankedLock teamsTeams togetherTeam positionsShared explorationLock speedFull tech treeHidden civsTurbo modeCheats
Victory
Defeat
1547
+13
🇩🇪 Goths · Germany
1504
+15
🇳🇴 Britons · Norway
1518
-16
🇸🇪 Tatars · Sweden
1443
-12
RFR_im_no_pro
6:45 Loom
9:37 Feudal Age
10:15 Double-Bit Axe
10:33 Horse Collar
19:19 Castle Age
18:02 Stone Mining
20:12 Bow Saw
21:19 Bloodlines
21:01 Fletching
23:43 Scale Barding Armor
28:39 Forging
29:59 Gold Mining
34:17 Wheelbarrow
35:11 Chain Barding Armor
37:51 Gold Shaft Mining
37:43 Silk Armor
39:18 Bodkin Arrow
39:22 Bodkin Arrow
[GRR] Lemmit
3:25 Loom
9:54 Feudal Age
10:01 Man-at-Arms
10:48 Double-Bit Axe
11:44 Town Watch
16:14 Horse Collar
19:02 Wheelbarrow
22:58 Castle Age
22:33 Stone Mining
23:09 Scale Mail Armor
23:41 Gold Mining
23:42 Long Swordsman
25:03 Chain Mail Armor
24:48 Gambesons
25:04 Squires
25:14 Fletching
25:26 Murder Holes
26:41 Ballistics
29:19 Ballistics
Dr. Hadeskill
5:50 Loom
11:50 Feudal Age
14:27 Fletching
17:44 Castle Age
16:17 Double-Bit Axe
19:03 Scale Mail Armor
21:57 Imperial Age
21:05 Chain Mail Armor
21:03 Forging
21:10 Squires
22:08 Bow Saw
24:49 Iron Casting
30:40 Blast Furnace
29:35 Capped Ram
♡ Laborchef Dr. Laugenmäusken
7:00 Loom
10:20 Feudal Age
13:25 Double-Bit Axe
13:21 Horse Collar
15:01 Town Watch
16:36 Wheelbarrow
24:31 Fletching
36:55 Gold Mining
42:11 Castle Age
Connection lost

Rejoining the realm…

Still unreachable

The connection could not be restored.

Session expired

The server has moved on; the page needs a fresh start.